 Dungeon Crawl Stone Soup version 0.30.1-3-gfc49f6343a (webtiles) character file.

Game seed: 14253916028655397348

18 booth the Trooper (level 2, 0/24 HPs)
             Began as a Demonspawn Monk on Aug 9, 2023.
             Succumbed to a goblin's poison
             ... on level 1 of the Dungeon.
             The game lasted 00:02:42 (517 turns).

booth the Trooper (Demonspawn Monk)                  Turns: 517, Time: 00:02:42

Health: 0/24       AC:  3    Str: 11    XL:     2   Next: 48%
Magic:  2/2        EV: 13    Int: 11    God:
Gold:   35         SH:  0    Dex: 15    Spells: 1/1 levels left

rFire   . . .        a - +0 hand axe
rCold   . . .        d - orb {light}
rNeg    . . .        b - +0 robe
rPois   .            (no helmet)
rElec   .            (no cloak)
rCorr   .            (no gloves)
SInv    .            i - +0 pair of boots
Will    .....        (no amulet)
Stlth   +            (no ring)
HPRegen 0.24/turn    (no ring)
MPRegen 0.08/turn

%: no passive effects
@: lethally poisoned (0 -> -12), glowing
A: powered by pain 1
a: no special abilities


You were on level 1 of the Dungeon.
You visited 1 branch of the dungeon, and saw 1 of its levels.

You collected 35 gold pieces.

Inventory:

Hand Weapons
 a - a +0 hand axe (weapon)
 j - a +1 dagger of venom
Missiles
 g - 6 poisoned darts (quivered)
Armour
 b - a +0 robe (worn)
 d - an orb of light (worn)
 i - a +0 pair of boots (worn)
Potions
 c - a potion of ambrosia
 e - a potion of heal wounds {unknown}
 f - a potion of attraction {unknown}
 h - a potion of flight {unknown}


   Skills:
 + Level 3.3 Fighting
 + Level 3.0 Axes
 + Level 3.0 Dodging


You had one spell level left.
You didn't know any spells.
Your spell library was empty.

Dungeon Overview and Level Annotations

Branches:
Dungeon (1/15)

Altars:

Annotations:
D:1 2 transporters


Innate Abilities, Weirdness & Mutations

You sometimes gain a little power by taking damage.


Message History

The ball python hisses angrily.
Found a clear potion.
The ball python barely misses you. The ball python grabs you.
The ball python constricts you.
You hit the ball python.
You kill the ball python!
h - a clear potion A rat comes into view.
You slash the rat!
You kill the rat!
You see here a rat corpse.
Found a pair of boots.
You see here a +0 pair of boots.
i - a +0 pair of boots You start putting on your armour.
You continue putting on your +0 pair of boots. x4
You finish putting on your +0 pair of boots.
A goblin comes into view. It is wielding a +1 dagger of venom.
You closely miss the goblin.
The goblin hits you with a +1 dagger of venom.
You are poisoned.
You barely miss the goblin.
You feel sick.
The goblin hits you with a +1 dagger of venom.
You hit the goblin.
The goblin is severely wounded.
You feel sick.
The goblin hits you with a +1 dagger of venom.
You are more poisoned.
The goblin hits you but does no damage.
You are lethally poisoned!
You feel very sick.
You hit the goblin.
You kill the goblin!
* * * LOW HITPOINT WARNING * * *
You feel very sick.
* * * LOW HITPOINT WARNING * * *
You feel very sick.
You see here a +1 dagger of venom.
j - a +1 dagger of venom You die...

<©.~≈≈≈~..#.......#
⌠.~≈≈≈≈≈..#...^.###
~~≈≈≈≈≈≈#.#...#.#
≈≈≈≈≈≈≈≈~...###.## ##
≈≈≈~~~≈≈≈........# .
≈~~.⌠.~≈≈#.......#.#
≈~.©>©.~≈......>.#.#
≈~~...~~≈.#####....#
≈≈~~.~≈≈≈.#.....@###
≈≈≈≈≈.≈≈≈.#........#
≈≈≈≈.≈≈≈~.########.###
~≈≈.≈≈≈~.............#
...................#.#
.##........#.......#.#
.##....#.#.#.#####.#.#
...........# #.....#
######.##### #.#.#####


There were no monsters in sight!

Vanquished Creatures
  2 endoplasms (D:1)
  2 goblins (D:1)
  2 hobgoblins (D:1)
  A quokka (D:1)
  4 ball pythons (D:1)
  A kobold (D:1)
  5 rats (D:1)
17 creatures vanquished.

Notes
Turn   | Place    | Note
-------+----------+-------------------------------------------
     0 | D:1      | booth the Demonspawn Monk began the quest for the Orb.
     0 | D:1      | Reached XP level 1. HP: 18/18 MP: 1/1
   247 | D:1      | Gained mutation: You sometimes gain a little power by
                  | taking damage. [demonic ancestry]
   247 | D:1      | Reached XP level 2. HP: 24/24 MP: 2/2
   517 | D:1      | Succumbed to a goblin's poison

Illustrated notes

Levels and vault maps discovered:
D:1:      spicycebolla_arrival_transporter_tutorial, layout_basic,
          chequers_ecumenical_altar_twisty

Skill      XL: |  1  2 |
---------------+-------+-----
Axes           | 3 |  3.0
Dodging        | 3 |  3.0
Fighting       | |  3.3

Action                     || total
---------------------------++-------
  Melee: Hand axe          ||    47
 Armour: Robe              ||     7
  Dodge: Dodged            ||    19
